 Dungeon Crawl Stone Soup version 0.29.1-15-g9cfb28693d (webtiles) character file.

Game seed: 13696069735637864949

39319 FexLirch the Frost Mage (level 13, -2/104 HPs)
             Began as a Demigod Ice Elementalist on Feb 22, 2023.
             Slain by a death yak (13 damage)
             ... on level 2 of the Lair of Beasts.
             The game lasted 01:34:33 (21034 turns).

FexLirch the Frost Mage (Demigod Ice Elementalist) Turns: 21034, Time: 01:34:33

Health: -2/104     AC: 14    Str:  9    XL:     13   Next: 34%
Magic:  2/32       EV: 13    Int: 39    God:
Gold:   903        SH: 10    Dex: 13    Spells: 6/33 levels left

rFire   + + .      SeeInvis +   J - +2 hand axe of Defilement {freeze, Int+6 Dex-4}
rCold   + . .      Faith    .   d - +0 buckler
rNeg    + . .      Spirit   .   c - +4 leather armour of Monotheism {rC+}
rPois   .          Reflect  +   o - +2 hat {Stlth+}
rElec   .          Harm     .   C - +0 cloak
rCorr   .          Rampage  .   p - +0 pair of gloves {Dex+3}
Will    +....                   O - +2 pair of boots
Stlth   ++++......              t - amulet of reflection
HPRegen 0.27/turn               B - ring of see invisible
MPRegen 0.23/turn               M - ring "Kekah" {rF++ rN+ Stlth+}

@: about to teleport
A: high MP 1, forlorn, divine attributes
a: no special abilities


You were on level 2 of the Lair of Beasts.
You visited 3 branches of the dungeon, and saw 15 of its levels.
You also visited: Ice Cave.

You collected 903 gold pieces.

Inventory:

Hand Weapons
 E - a +2 whip of flaming
 J - the +2 hand axe of Defilement (weapon) {freeze, Int+6 Dex-4}
   (You found it on level 1 of the Lair of Beasts)

   It freezes those it strikes, dealing additional cold damage.
   It can also slow down cold-blooded creatures.
   Int:       It affects your intelligence (+6).
   Dex:       It affects your dexterity (-4).
 P - the +8 demon trident "Rift" {distort, reach+}
   (You found it in an ice cave)

   It warps and distorts space around it, and may blink, banish, or inflict
   extra damage upon those it strikes.
   Unwielding it can cause banishment or high damage.
   It can reach especially far, and its reaching attacks ignore other creatures
   in the way.
 Q - a +4 demon whip of venom
Missiles
 a - 4 silver boomerangs
 j - 6 boomerangs
 x - 30 poisoned darts
Armour
 c - the +4 leather armour of Monotheism (worn) {rC+}
   (You found it on level 7 of the Dungeon)

   rC:        It protects you from cold.
 d - a +0 buckler (worn)
 o - a +2 hat of stealth (worn)
 p - a +0 pair of gloves of dexterity (worn)
 A - a +0 kite shield
 C - a +0 cloak (worn)
 D - +0 steam dragon scales
 O - a +2 pair of boots (worn)
 X - a +0 troll leather armour
 Y - +0 acid dragon scales
Magical Staves
 R - a staff of air
 S - a staff of death
 Z - a staff of earth
Jewellery
 t - an amulet of reflection (around neck)
 B - a ring of see invisible (left hand)
 M - the ring "Kekah" (right hand) {rF++ rN+ Stlth+}
   (You found it in an ice cave)

   [ring of positive energy]

   rF:        It greatly protects you from fire.
   rN:        It protects you from negative energy.
   Stlth:     It makes you more stealthy.
 T - a ring of protection from fire
Wands
 s - a wand of flame (23)
 z - a wand of iceblast (10)
 I - a wand of paralysis (7)
 V - a wand of mindburst (9)
 W - a wand of digging (9)
Scrolls
 g - 10 scrolls of teleportation
 k - 4 scrolls of noise
 l - 2 scrolls of fog
 m - 4 scrolls of vulnerability
 n - a scroll of amnesia {unknown}
 q - a scroll of magic mapping {unknown}
 v - 2 scrolls of enchant armour
 y - a scroll of torment
 H - a scroll of immolation {unknown}
 K - a scroll of summoning
 L - a scroll of blinking
 N - 2 scrolls of poison
Potions
 b - a potion of magic
 e - a potion of haste
 f - a potion of might
 h - 6 potions of heal wounds
 i - a potion of ambrosia {unknown}
 r - 2 potions of curing
 u - 2 potions of berserk rage
 w - 2 potions of attraction
 F - 2 potions of lignification
 G - 4 potions of flight
 U - a potion of mutation {unknown}


   Skills:
 + Level 6.8 Fighting
 + Level 7.0 Dodging
 - Level 1.7 Stealth
 + Level 6.1 Shields
 * Level 10.8 Spellcasting
 - Level 6.0 Conjurations
 + Level 3.6 Necromancy
 * Level 12.1 Ice Magic
 - Level 2.5 Earth Magic
 - Level 6.0 Poison Magic


You had 6 spell levels left.
You knew the following spells:

 Your Spells              Type           Power      Damage    Failure   Level
a - Freeze                Ice            100%       1d11      1%          1
b - Frozen Ramparts       Ice            100%       1d16      1%          3
c - Ozocubu's Armour      Ice            86%        N/A       1%          3
d - Hailstorm             Conj/Ice       75%        3d15      1%          4
e - Olgreb's Toxic Radia  Pois           61%        N/A       2%          4
f - Ozocubu's Refrigerat  Ice            43%        4d17      19%         7
g - Sublimation of Blood  Necr           49%        N/A       1%          2
h - Stone Arrow           Conj/Erth      100%       3d13      1%          3

Your spell library contained the following spells:

 Spells                   Type           Power      Damage    Failure   Level
 Sandblast                Erth           80%        2d17      1%          1
 Sting                    Tmut/Pois      100%       1d8       1%          1
 Ensorcelled Hibernation  Hex/Ice        100%       N/A       1%          2
 Poisonous Vapours        Pois/Air       88%        N/A       1%          2
 Passwall                 Tmut/Erth      25%        N/A       2%          2
 Animate Dead             Necr           49%        N/A       7%          4
 Swiftness                Air            21%        N/A       10%         3
 Petrify                  Tmut/Erth      30%        N/A       19%         4
 Borgnjor's Vile Clutch   Necr/Erth      22%        N/A       24%         5
 Alistair's Intoxication  Tmut/Pois      29%        N/A       26%         5
 Irradiate                Conj/Tmut      22%        3d19      26%         5
 Lightning Bolt           Conj/Air       22%        1d37      26%         5
 Airstrike                Air            10%        2d(2-18)  30%         4
 Summon Lightning Spire   Summ/Air       21%        N/A       30%         4
 Death Channel            Necr           24%        N/A       73%         6
 Eringya's Noxious Bog    Tmut/Pois      22%        N/A       80%         6


Dungeon Overview and Level Annotations

Branches:
Dungeon (12/15)            Temple (1/1) D:7            Lair (2/5) D:11
    Orc (0/2) D:9           IceCv (visited)
  Swamp: Lair:2-3    Shoals: Lair:2-3     Snake: Lair:2-3    Spider: Lair:2-3

Annotations:
D:3 exclusion: ogre, Grinder
D:4 exclusion: 2 wights
D:5 exclusions: orc, orc priest and orc wizard
D:6 exclusion: 2 orc priests
D:10 3 runed translucent doors, Jingleheimer's ghost, journeyman DjFE
D:12 exclusion: hydra


Innate Abilities, Weirdness & Mutations

You have an increased reservoir of magic. (+10% MP)
You shall have no god before yourself.
Your divine heritage dramatically boosts your attributes as you level up.


Message History

Your Dodging skill increases to level 7!
Casting: Olgreb's Toxic Radiance (mildly dangerous; 2% risk of failure)
Confirm with . or Enter, or press ? or * to list all spells.
Aiming: Stone Arrow (safe; 1% risk of failure)
Press: ? - help, Shift-Dir - straight line, f - death yak
Aim: a death yak (severely wounded, very poisoned, 92% to hit)
The stone arrow hits the death yak!
The death yak is almost dead.
The death yak gores you but does no damage.
Your magical contamination has completely faded away.
Casting: Stone Arrow (safe; 1% risk of failure)
Confirm with . or Enter, or press ? or * to list all spells.
You don't have enough magic to cast this spell.
Unknown command.
Unknown command.
Unknown command.
Unknown command.
You hit the death yak but do no damage.
The death yak is almost dead.
You hit the death yak but do no damage. The death yak barely misses you. x2
The death yak gores you. x2
You hit the death yak but do no damage.
The death yak is almost dead.
You hit the death yak but do no damage. The death yak completely misses you.
The death yak gores you.
You barely miss the death yak.
The death yak is almost dead.
You barely miss the death yak. The death yak gores you!!
The death yak misses you. The death yak attacks as you move away!
You block the death yak's attack. The death yak attacks as you move away!
The death yak closely misses you. The death yak attacks as you move away!
The death yak gores you but does no damage.
The death yak attacks as you move away! The death yak gores you!
* * * LOW HITPOINT WARNING * * *
As you read the scroll of teleportation, it crumbles to dust.
You feel strangely unstable. The death yak gores you!
* * * LOW HITPOINT WARNING * * *
The death yak gores you!
You die...

..../........#
.......†.....#
........?....##
.......+†.....#
###.+###.....##
.............#
...?†........#
.......YY....##
.......@......#
...........#.##
..#.###..###..P#
....... P........#
#..##
...............#.#
#..#
....>............#
##.##
...............#.#
##..#
......#........#.#
#..##
........P......#.#
#P.#


You could see 2 death yaks.

Vanquished Creatures
  Gastronok (Lair:1)
  Harold (D:10)
  A boulder beetle (D:12)
  A hydra (Lair:2)
  2 ironbound frosthearts (IceCv)
  An ogre mage (D:10)
  2 two-headed ogres
  10 death yaks
  Amaemon (D:10)
  A deep elf archer (D:10)
  A deep elf pyromancer (D:10)
  2 ugly things
  A cyclops (D:10)
  A manticore (D:11)
  An ice statue (IceCv)
  A black mamba (Lair:2)
  A gargoyle (D:11)
  5 cane toads
  4 rime drakes
  2 kobold demonologists (D:10)
  An unseen horror (D:12)
  An orange demon (D:10)
  3 komodo dragons
  4 trolls
  17 polar bears (IceCv)
  2 hornets
  8 slime creatures (D:12)
  A water elemental (D:11)
  3 vampires
  A shadow (D:12)
  A wyvern (D:11)
  29 yaks
  5 wraiths
  A basilisk (Lair:2)
  A steam dragon (D:8)
  An acid dragon (D:12)
  3 water moccasins
  3 ice beasts
  An orc warrior (D:10)
  3 black bears
  3 ogres
  A sky beast (D:7)
  28 wolves
  2 phantoms
  3 centaurs
  3 kobold brigands
  9 bullfrogs
  6 gnoll sergeants
  4 scorpions
  A necrophage (D:6)
  2 wights
  5 killer bees (D:9)
  8 electric eels
  6 howler monkeys
  A bullfrog zombie (D:6)
  A jelly (D:6)
  2 orc priests
  6 hounds
  2 iguanas
  5 orc wizards
  A howler monkey zombie (D:6)
  29 gnolls
  3 adders (D:2)
  2 shadow imps
  An ufetubus (D:4)
  2 worms
  A dart slug (D:4)
  23 orcs
  5 bats
  3 endoplasms
  2 giant cockroaches (D:1)
  5 goblins
  4 hobgoblins
  2 jackals (D:1)
  6 quokkas
  4 ball pythons
  3 frilled lizards
  14 kobolds
  2 rats
339 creatures vanquished.

Vanquished Creatures (others)
  8 fungi
  6 plants
14 creatures vanquished.

Grand Total: 353 creatures vanquished

Notes
Turn   | Place    | Note
-------+----------+-------------------------------------------
     0 | D:1      | FexLirch the Demigod Ice Elementalist began the quest for
                  | the Orb.
     0 | D:1      | Reached XP level 1. HP: 14/14 MP: 5/5
   357 | D:1      | Reached XP level 2. HP: 16/20 MP: 5/7
   989 | D:1      | Reached skill level 4 in Ice Magic
  1562 | D:2      | Reached XP level 3. HP: 21/26 MP: 4/9
  2188 | D:3      | Noticed an ogre
  2225 | D:3      | Learned a level 3 spell: Frozen Ramparts
  2229 | D:3      | Learned a level 3 spell: Ozocubu's Armour
  2381 | D:3      | Noticed Grinder
  2791 | D:3      | Reached XP level 4. HP: 20/33 MP: 9/11
  3326 | D:4      | Reached skill level 5 in Ice Magic
  3326 | D:4      | Reached XP level 5. HP: 5/38 MP: 0/13
  3946 | D:4      | Noticed an ogre
  3957 | D:4      | Killed an ogre
  3958 | D:4      | Reached XP level 6. HP: 24/45 MP: 4/15
  4402 | D:5      | Entered Level 5 of the Dungeon
  4558 | D:5      | Reached skill level 6 in Ice Magic
  4769 | D:5      | Reached XP level 7. HP: 27/50 MP: 8/17
  4963 | D:5      | Reached skill level 5 in Spellcasting
  5536 | D:6      | Reached skill level 7 in Ice Magic
  6210 | D:6      | Reached XP level 8. HP: 57/57 MP: 13/20
  6322 | D:6      | Learned a level 4 spell: Hailstorm
  6377 | D:6      | Learned a level 4 spell: Olgreb's Toxic Radiance
  6618 | D:6      | Reached skill level 1 in Conjurations
  6721 | D:7      | Noticed a troll
  6727 | D:7      | Killed a troll
  6728 | D:7      | Reached skill level 1 in Poison Magic
  7361 | D:7      | Identified the +4 leather armour of Monotheism {rC+}
  7552 | D:7      | Found a staircase to the Ecumenical Temple.
  7567 | D:7      | Reached skill level 8 in Ice Magic
  7574 | Temple   | Entered the Ecumenical Temple
  8424 | D:8      | Noticed a hornet
  8433 | D:8      | Killed a hornet
  8434 | D:8      | Reached XP level 9. HP: 53/62 MP: 9/23
  9989 | D:9      | Noticed a two-headed ogre
 10003 | D:9      | Killed a two-headed ogre
 10004 | D:9      | Reached skill level 1 in Fighting
 10406 | D:9      | Reached XP level 10. HP: 73/73 MP: 11/25
 10408 | D:9      | Reached skill level 9 in Ice Magic
 10759 | D:9      | Found a staircase to the Orcish Mines.
 11013 | D:10     | Entered Level 10 of the Dungeon
 11013 | D:10     | Noticed Amaemon
 11020 | D:10     | Noticed Harold
 11091 | D:10     | Reached skill level 1 in Shields
 11338 | D:10     | Reached skill level 5 in Conjurations
 11477 | D:10     | Noticed a rust devil
 11483 | D:10     | Reached skill level 5 in Poison Magic
 11661 | D:10     | Noticed a two-headed ogre
 11667 | D:10     | Killed a two-headed ogre
 11672 | D:10     | Killed Harold
 11993 | D:10     | Reached XP level 11. HP: 76/83 MP: 19/27
 12113 | D:10     | Found a runed translucent gate.
 12113 | D:10     | Found a runed translucent gate.
 12113 | D:10     | Found a runed translucent gate.
 12131 | D:10     | Killed Amaemon
 12446 | D:10     | Noticed a deep elf archer
 12486 | D:10     | Learned a level 7 spell: Ozocubu's Refrigeration
 12663 | D:10     | Noticed Jingleheimer's ghost (journeyman DjFE)
 12822 | D:10     | Noticed an ogre mage
 12823 | D:10     | Noticed a deep elf pyromancer
 12832 | D:10     | Killed an ogre mage
 12837 | D:10     | Killed a deep elf archer
 12982 | D:10     | Killed a deep elf pyromancer
 13500 | D:11     | Learned a level 2 spell: Sublimation of Blood
 13837 | D:11     | Reached skill level 5 in Dodging
 13841 | D:11     | Reached skill level 10 in Ice Magic
 14048 | D:11     | Reached skill level 1 in Necromancy
 14135 | D:11     | Found a staircase to the Lair.
 14908 | D:12     | Reached skill level 5 in Fighting
 15451 | D:12     | Noticed a boulder beetle
 15461 | D:12     | Killed a boulder beetle
 16132 | D:12     | Noticed an eight-headed hydra
 16990 | Lair:1   | Entered Level 1 of the Lair of Beasts
 16998 | Lair:1   | Reached XP level 12. HP: 88/94 MP: 11/29
 17339 | Lair:1   | Noticed Gastronok
 17484 | Lair:1   | Found a frozen archway.
 17495 | Lair:1   | Learned a level 3 spell: Stone Arrow
 17543 | IceCv    | Entered an ice cave
 17713 | IceCv    | Reached skill level 11 in Ice Magic
 17850 | IceCv    | Reached skill level 1 in Earth Magic
 17869 | IceCv    | Reached skill level 5 in Shields
 18241 | IceCv    | Noticed an ironbound frostheart
 18244 | IceCv    | Noticed an ironbound frostheart
 18257 | IceCv    | Reached skill level 10 in Spellcasting
 18260 | IceCv    | HP: 1/96 [ironbound frostheart/creeping frost (29)]
 18264 | IceCv    | Killed an ironbound frostheart
 19106 | IceCv    | Killed an ironbound frostheart
 19545 | IceCv    | Found the +8 demon trident "Rift" {distort, reach+}
 19555 | IceCv    | Identified the ring "Kekah" {rF++ rN+ Stlth+}
 19616 | Lair:1   | Identified the +2 hand axe of Defilement {freeze, Int+6
                  | Dex-4}
 20218 | Lair:1   | Killed Gastronok
 20219 | Lair:1   | Reached XP level 13. HP: 78/103 MP: 3/32
 20844 | Lair:2   | Reached skill level 12 in Ice Magic
 21034 | Lair:2   | Slain by a death yak

Illustrated notes

Levels and vault maps discovered:
D:1:      enne_arrival_octagon_isle, layout_basic, minmay_misc_feat_rows,
          kennysheep_boxes
D:2:      layout_rooms, basic_altar, chequers_serial_rivers_room_a,
          kennysheep_generic_room_14
D:3:      layout_loops_cross, ebering_ecumenical_altar_box, uniq_grinder
D:4:      layout_cave_pools, okawaru_metal_pillars_1_2
D:5:      layout_loops_ring, jmf_multi_god_temple2, minmay_misc_feat_encased
D:6:      layout_basic, fedhas_altar_2, lemuel_zombie_altar_yredelemnul
D:7:      layout_loops_ring, minmay_temple_entry_glassed_door
D:8:      layout_layer_cave, minmay_door_square, serial_bayou_pond_e
D:9:      layout_stronghold, nicolae_overflow_hidden_temple
D:10:     nzn_winding_woodlands_three_and_one [nzn_winding_woodlands_5x15_twine,
          nzn_winding_woodlands_5x15_eye, nzn_winding_woodlands_5x15_crooked,
          nzn_winding_woodlands_center_triple_pond], layout_loops_corners,
          gammafunk_ghost_necromancy, uniq_harold, uniq_amaemon
D:11:     layout_cave_pods, erik_lair_island
D:12:     layout_loops_corners, drop_trap, roderic_roman_lattice,
          minmay_misc_feat_x
Temple:   eino_temple_rhombus
Lair:1:   layout_chaotic_city, portal_ice_cave_rime, small_statue_intersection,
          serial_bayou_shore_a, grunt_megastairs_3, infiniplex_staircase_pool,
          uniq_gastronok
Lair:2:   layout_chaotic_city, spider_nest_entry_funnel_web

Skill      XL: |  1  2  3  4  5  6  7  8  9 10 11 12 13 |
---------------+----------------------------------------+-----
Spellcasting   | 2 3 4 6 7 8 9 10 | 10.8
Ice Magic      | 4 5 6 7 8 9 10 11 12 | 12.1
Conjurations   | 3 4 5 6 |  6.0
Poison Magic   | 3 4 5 6 |  6.0
Dodging        | 3 4 5 6 7 |  7.0
Fighting       | 2 3 5 6 |  6.8
Shields        | 2 4 5 6 |  6.1
Necromancy     | 2 3 |  3.6
Earth Magic    | 2 |  2.5
Stealth        | |  1.7

Action                   |  1- 3 |  4- 6 |  7- 9 | 10-12 | 13-15 || total
-------------------------+-------+-------+-------+-------+-------++-------
Melee: Unarmed           |     4 |       |       |       |       ||     4
       Hand axe          |    16 |       |       |       |     3 ||    19
       Rapier            |     4 |    25 |       |       |       ||    29
       Halberd           |       |       |   173 |       |       ||   173
       Whip              |       |       |    16 |    73 |       ||    89
       Flail             |       |       |       |    48 |       ||    48
       Demon whip        |       |       |       |    19 |       ||    19
Throw: Boomerang         |     6 |    22 |    11 |    12 |       ||    51
       Dart              |       |       |     7 |       |       ||     7
 Cast: Freeze            |    61 |    43 |    24 |   114 |       ||   242
       Frozen Ramparts   |     1 |     9 |    38 |    42 |       ||    90
       Ozocubu's Armour  |     1 |     9 |    33 |    54 |     1 ||    98
       Hailstorm         |       |       |    18 |    56 |       ||    74
       Olgreb's Toxic Ra |       |       |    14 |    63 |     8 ||    85
       Stone Arrow       |       |       |       |    42 |    19 ||    61
       Sublimation of Bl |       |       |       |     7 |     3 ||    10
       Ozocubu's Refrige |       |       |       |     1 |     8 ||     9
Evoke: Wand              |       |       |       |     7 |       ||     7
  Use: Scroll            |       |     4 |     8 |    12 |     3 ||    27
       Potion            |       |       |       |     3 |       ||     3
 Stab: Sleeping          |       |       |     2 |       |       ||     2
Armor: Robe              |    13 |    25 |    48 |       |       ||    86
       Leather armour    |       |       |    34 |   120 |     2 ||   156
Dodge: Dodged            |    49 |    36 |   141 |   179 |    12 ||   417
Block: Other             |       |     3 |    61 |       |       ||    64
       Reflection        |       |       |     3 |     5 |       ||     8
       Buckler           |       |       |       |   149 |     4 ||   153
